 Dungeon Crawl Stone Soup version 0.28.0-43-g3370ac3207 (webtiles) character file.

Game seed: 5484298016540333536

49 Araneus the Poker (level 3, -5/29 HPs)
             Began as a Demonspawn Fighter on Mar 12, 2022.
             Slain by Sigmund
             ... wielding a +1 vorpal scythe
              (6 damage)
             ... on level 2 of the Dungeon.
             The game lasted 00:01:37 (809 turns).

Araneus the Poker (Demonspawn Fighter)               Turns: 809, Time: 00:01:38

Health: -5/29      AC:  7    Str: 18    XL:     3   Next: 51%
Magic:  3/3        EV:  9    Int:  9    God:
Gold:   50         SH:  8    Dex: 12    Spells: 2/2 levels left

rFire   . . .      SeeInvis .   a - +0 trident
rCold   . . .      Faith    .   c - +0 buckler
rNeg    . . .      Spirit   .   b - +0 scale mail
rPois   .          Reflect  .   (no helmet)
rElec   .          Harm     .   (no cloak)
rCorr   .          Rampage  .   f - +0 pair of gloves
Will    .....                   (no boots)
Stlth   ..........              (no amulet)
HPRegen 0.09/turn               (no ring)
MPRegen 0.08/turn               (no ring)

@: mighty, flying
A: large bone plates 1, spiny 1
a: no special abilities


You were on level 2 of the Dungeon.
You visited 1 branch of the dungeon, and saw 2 of its levels.

You collected 50 gold pieces.

Inventory:

Hand Weapons
 a - a +0 trident (weapon)
Armour
 b - a +0 scale mail (worn)
 c - a +0 buckler (worn)
 f - a +0 pair of gloves (worn)
Jewellery
 e - a ring of ice
 i - a ring of magical power
Scrolls
 g - a scroll of torment {unknown}
 h - a scroll of fog {unknown}
 j - a scroll of identify {unknown}
 k - a scroll of enchant armour {unknown}
 n - a scroll of amnesia {unknown}


   Skills:
 - Level 3.0 Fighting
 + Level 3.6 Polearms
 - Level 2.6 Armour
 - Level 2.6 Shields


You had 2 spell levels left.
You didn't know any spells.
Your spell library was empty.

Dungeon Overview and Level Annotations

Branches:
Dungeon (2/15)

Altars:

Annotations:
D:2 Sigmund


Innate Abilities, Weirdness & Mutations

You are partially covered in large bone plates. (SH +4)
You are partially covered in sharp spines.


Message History

You hit the ball python.
You kill the ball python!
You closely miss the orc. The orc is struck by your spines.
The orc hits you but does no damage.
Sigmund's eyes start glowing with a red light.
Sigmund hits you from afar with a +1 vorpal scythe.
You block the orc's attack.
You feel very mighty all of a sudden. The orc barely misses you.
You puncture the orc!
You kill the orc!
Sigmund points at you and mumbles some strange words.
You resist with significant effort. Sigmund casts a spell at you.
You are confused.
You bump into the rock wall.
Sigmund hits you from afar with a +1 vorpal scythe!
* * * LOW HITPOINT WARNING * * *
x2 Unknown command.
It was a potion of curing.
You feel better.
It was a potion of flight.
You feel very buoyant.
You fly up into the air.
You block Sigmund's attack. Sigmund barely misses you.
Things that are here:
a +0 flail; an orc corpse; a ball python corpse You puncture Sigmund!
Sigmund is moderately wounded.
You puncture Sigmund!
Sigmund is severely wounded.
Sigmund hits you with a +1 vorpal scythe!
* * * LOW HITPOINT WARNING * * *
x2 You barely miss Sigmund.
Sigmund is severely wounded.
You block Sigmund's attack.
Unknown command.
You barely miss Sigmund.
Sigmund is severely wounded.
Sigmund hits you with a +1 vorpal scythe.
You die...

.. .....##.#.##..### .
#.#####..##.#..<†.# ..
#......)........#.#
...####.#.#.##.###.#.#
.......†....##.# ..#.#
##...†...####.#.###.#
..........# #.#. #.#
###'#####@# #.# .# .<
#@# #.# .. #.# .#
.............#
......#.######
..<.....# $.... ###
..... .... ....


You could see Sigmund.

Vanquished Creatures
  A worm (D:2)
  An orc (D:2)
  3 ball pythons
  4 endoplasms (D:1)
  2 goblins (D:1)
  2 hobgoblins
  7 jackals
  5 kobolds
  2 quokkas (D:1)
  5 bats (D:1)
  3 frilled lizards (D:1)
  3 rats (D:1)
38 creatures vanquished.

Vanquished Creatures (others)
  A fungus (D:1)
  3 plants (D:1)
4 creatures vanquished.

Grand Total: 42 creatures vanquished

Notes
Turn   | Place    | Note
-------+----------+-------------------------------------------
     0 | D:1      | Araneus the Demonspawn Fighter began the quest for the Orb.
     0 | D:1      | Reached XP level 1. HP: 18/18 MP: 1/1
    71 | D:1      | Found a faded altar of an unknown god.
    87 | D:1      | Gained mutation: You are partially covered in sharp spines.
                  | [demonic ancestry]
    87 | D:1      | Reached XP level 2. HP: 21/24 MP: 2/2
   365 | D:1      | Gained mutation: You are partially covered in large bone
                  | plates. (SH +4) [demonic ancestry]
   365 | D:1      | Reached XP level 3. HP: 29/29 MP: 3/3
   789 | D:2      | Noticed Sigmund
   807 | D:2      | HP: 1/29 [Sigmund/+1 vorpal scythe (1)]
   809 | D:2      | Slain by Sigmund

Illustrated notes

Levels and vault maps discovered:
D:1:      amcnicky_arrival_single_pillar, layout_basic,
          dreamdust_ecumenical_altar_grove
D:2:      layout_basic, uniq_robin, uniq_sigmund

Skill      XL: |  1  2 |
---------------+-------+-----
Polearms       | 2 3 |  3.6
Fighting       | |  3.0
Armour         | |  2.6
Shields        | |  2.6

Action                   || total
-------------------------++-------
Melee: Trident           ||    78
  Use: Potion            ||     3
Armor: Scale mail        ||    37
Dodge: Dodged            ||    30
Block: Buckler           ||    18
